 Dungeon Crawl Stone Soup version 0.23-a0-419-g0174fd80c1 (webtiles) character file.

27701 LostNumber the Fighter (level 13, -8/104 HPs)
             Began as a Mummy Summoner on Nov 12, 2018.
             Was the Champion of Kikubaaqudgha.
             Killed by divine providence
             ... invoked by a meliai
              (14 damage)
             ... on level 13 of the Dungeon on Nov 14, 2018.
             The game lasted 01:52:51 (28394 turns).

LostNumber the Fighter (Mummy Summoner)            Turns: 28394, Time: 01:52:52

Health: -8/104     AC: 13    Str: 11    XL:     13   Next: 5%
Magic:  14/27      EV: 17    Int: 18    God:    Kikubaaqudgha [******]
Gold:   107        SH:  6    Dex: 18    Spells: 4/33 levels left

rFire    + . .     SeeInvis .   D - staff of wizardry
rCold    + + .     Gourm    .   a - +1 buckler {rF+}
rNeg     + + +     Faith    .   C - +2 robe {Archmagi}
rPois    ∞         Spirit   .   t - +2 hat
rElec    .         Reflect  .   u - +1 cloak
rCorr    .         Harm     .   j - +0 pair of gloves
MR       +....                  o - +0 pair of boots
Stlth    ++++......             (no amulet)
HPRegen  0.27/turn              B - ring "Ewamytt" {rC+ AC+3 Dex+4 Stlth+}
MPRegen  0.20/turn              I - ring of the Median {rF+ Slay+3}

@: no status effects
A: no food or potions, fire vulnerability, cold resistance 1, negative energy
resistance 3, torment resistance, unbreathing, in touch with death 1
a: Receive Corpses, Torment, Brand Weapon With Pain, Receive Necronomicon,
Renounce Religion


You were on level 13 of the Dungeon.
You worshipped Kikubaaqudgha.
Kikubaaqudgha was exalted by your worship.
You were not hungry.

You visited 2 branches of the dungeon, and saw 19 of its levels.
You also visited: Ossuary.

You collected 1386 gold pieces.
You spent 1279 gold pieces at shops.

Inventory:

Hand Weapons
 v - a +4 short sword of freezing
 M - the +9 morningstar of the Pill Bug {vamp, Str+6 Dex-2 Stlth+}
   (You took it off an orc knight on level 12 of the Dungeon)

   It inflicts no extra harm, but heals its wielder when it wounds a living foe.
   It affects your strength (+6).
   It affects your dexterity (-2).
   It makes you more stealthy.
Armour
 a - a +1 buckler of fire resistance (worn)
 j - a +0 pair of gloves (worn)
 o - a +0 pair of boots (worn)
 t - a +2 hat (worn)
 u - a +1 cloak (worn)
 C - a +2 robe of the Archmagi (worn)
Magical Staves
 D - an uncursed staff of wizardry (weapon)
 L - an uncursed staff of air
Jewellery
 f - a +2 amulet of reflection
 g - an uncursed ring of stealth
 h - an uncursed ring of resist corrosion
 l - an uncursed amulet of harm
 n - an uncursed ring of magical power
 B - the ring "Ewamytt" (left hand) {rC+ AC+3 Dex+4 Stlth+}
   (You found it on level 9 of the Dungeon)

   [ring of protection]

   It affects your AC (+3).
   It affects your dexterity (+4).
   It protects you from cold.
   It makes you more stealthy.
 E - an uncursed ring of flight
 H - an uncursed ring of protection from cold
 I - the ring of the Median (right hand) {rF+ Slay+3}
   (You found it on level 5 of the Lair of Beasts)

   [ring of protection from fire]

   It affects your accuracy and damage with ranged weapons and melee attacks
   (+3).
   It protects you from fire.
 K - an uncursed ring of protection from magic
Wands
 b - a wand of acid (3)
 i - a wand of paralysis (11)
 s - a wand of digging (2)
 y - a wand of random effects (14)
 z - a wand of flame (22)
 A - a wand of iceblast (7)
 J - a wand of enslavement (9)
Scrolls
 c - 8 scrolls of teleportation
 d - 3 scrolls of enchant armour
 e - a scroll of brand weapon
 k - 9 scrolls of remove curse
 m - 4 scrolls of enchant weapon
 p - a scroll of vulnerability {unknown}
 q - 5 scrolls of magic mapping
 r - a scroll of immolation
 w - 3 scrolls of blinking
 x - a scroll of fog
 F - a scroll of fear
 G - a scroll of amnesia


   Skills:
 + Level 10.6 Fighting
 - Level 7.3 Dodging
 - Level 6.1 Stealth
 - Level 4.0 Shields
 + Level 10.5 Spellcasting
 + Level 7.8 Summonings
 + Level 6.7 Necromancy
 - Level 4.1 Ice Magic
 - Level 3.7 Air Magic
 * Level 3.1 Earth Magic


You had 4 spell levels left.
You knew the following spells:

 Your Spells              Type           Power        Failure   Level  Hunger
a - Summon Small Mammal   Summ           ####         1%          1    N/A
b - Call Imp              Summ           ######..     1%          2    N/A
c - Call Canine Familiar  Summ           ######..     1%          3    N/A
d - Summon Ice Beast      Ice/Summ       #####...     2%          4    N/A
e - Summon Lightning Spi  Summ/Air       #####...     2%          4    N/A
f - Animate Dead          Necr           N/A          1%          4    N/A
g - Borgnjor's Vile Clut  Necr/Erth      ######....   12%         5    N/A
h - Shadow Creatures      Summ           N/A          17%         6    N/A

Your spell library contained the following spells:

 Spells                   Type           Power        Failure   Level  Hunger
 Animate Skeleton         Necr           N/A          1%          1    N/A
 Pain                     Necr           ####         1%          1    N/A
 Sandblast                Erth           ####..       1%          1    N/A
 Corpse Rot               Necr           N/A          1%          2    N/A
 Ensorcelled Hibernation  Hex/Ice        ####..       1%          2    N/A
 Summon Guardian Golem    Hex/Summ       #####...     1%          3    N/A
 Vampiric Draining        Necr           ######....   1%          3    N/A
 Passwall                 Tmut/Erth      ###.....     2%          2    N/A
 Confusing Touch          Hex            ##....       3%          1    N/A
 Infusion                 Chrm           ##..         3%          1    N/A
 Magic Dart               Conj           ##..         3%          1    N/A
 Blink                    Tloc           N/A          4%          2    N/A
 Shroud of Golubria       Chrm/Tloc      ##........   4%          2    N/A
 Slow                     Hex            ##......     4%          2    N/A
 Song of Slaying          Chrm           ##......     4%          2    N/A
 Sticks to Snakes         Tmut           ##......     4%          2    N/A
 Stone Arrow              Conj/Erth      ###...       4%          3    N/A
 Mephitic Cloud           Conj/Pois/Air  ###.....     6%          3    N/A
 Confuse                  Hex            ##......     9%          3    N/A
 Conjure Flame            Conj/Fire      ##......     9%          3    N/A
 Gell's Gravitas          Tloc           ##........   9%          3    N/A
 Spectral Weapon          Hex/Chrm       ##......     9%          3    N/A
 Petrify                  Tmut/Erth      ###.....     16%         4    N/A
 Dispel Undead            Necr           ######..     5%          5    N/A
 Bolt of Draining         Conj/Necr      #####.....   21%         5    N/A
 Excruciating Wounds      Chrm/Necr      #####.....   21%         5    N/A
 Lee's Rapid Deconstruct  Erth           ####......   24%         5    N/A
 Death Channel            Necr           ######....   28%         6    N/A
 Metabolic Englaciation   Hex/Ice        ####......   32%         5    N/A
 Silence                  Hex/Air        ###.......   36%         5    N/A
 Yara's Violent Unravell  Hex/Tmut       ##........   61%         5    N/A
 Darkness                 Hex            ##........   98%         6    N/A
 Regeneration             Chrm/Necr      Unusable     N/A         3    N/A
 Beastly Appendage        Tmut           Unusable     N/A         1    N/A
 Spider Form              Tmut/Pois      Unusable     N/A         3    N/A
 Ice Form                 Ice/Tmut       Unusable     N/A         4    N/A
 Blade Hands              Tmut           Unusable     N/A         5    N/A

Dungeon Overview and Level Annotations

Branches:
Dungeon (13/15)            Temple (0/1) D:7            Lair (6/6) D:10
 Shoals (0/4) Lair:3        Snake (0/4) Lair:4        Slime (0/5) Lair:6
    Orc (0/2) D:12
 Vaults: D:13-14

Altars:
Dithmenos
Elyvilon
Fedhas
Gozag
Kikubaaqudgha
Nemelex Xobeh
Qazlal
Sif Muna
Vehumet
Wu Jian
Yredelemnul
The Shining One

Shops:
D:4 **[   D:7 :   D:8 (*   D:12 ?   D:13 [

Annotations:
D:6 1 runed door
D:11 2 transporters, Banto's ghost, journeyman DsAK
Lair:2 exclusion: worker ant
Lair:6 exclusions: door and 2 oklob plants


Innate Abilities, Weirdness & Mutations

You do not eat or drink.
Your flesh is vulnerable to fire.
You are immune to poison.
Your flesh is cold resistant. (rC+)
You are immune to negative energy. (rN+++)
You are immune to unholy pain and torment.
You can survive without breathing.
You are in touch with the powers of death.


Message History

Unknown command.
The two-headed ogre hits your lightning spire with a +0 giant spiked club!
The two-headed ogre hits your lightning spire with a +0 giant club.
The meliai mumbles some strange prayers to its god against you.
Something smites you!
* * * LOW HITPOINT WARNING * * *
The two-headed ogre hits your lightning spire with a +0 giant spiked club!!
Your lightning spire is destroyed!
The meliai mumbles some strange prayers to its god against you.
Something smites you!
* * * LOW HITPOINT WARNING * * *
Casting: Summon Lightning Spire (safe; 2% risk of failure)
Confirm with . or Enter, or press ? or * to list all spells.
Aiming: Summon Lightning Spire (safe; 2% risk of failure)
Press: ? - help, Dir - move target cursor You feel a surge of power!
An electric hum fills the air.
The meliai mumbles some strange prayers to its god against you.
Something smites you!
You die...
Kikubaaqudgha rasps: "You have failed me!
Welcome... oblivion!"

#### # .!. .# ..##... y.....#
########################Yyy#...
................@.8.Oy.y..†.>.#
........##################o#..#
#######.# #⌠.⌠...... ..<..##.#
#.∩......# ...#.##.# #c.⌠.....+
!..#....# #....S...# ..#######
+y.......# .. #.....#<##.# ##
#.(...#


You could see a two-headed ogre, a vampire mosquito, a meliai and a friendly
lightning spire.

Vanquished Creatures
  A centaur zombie (D:12)
  2 spiny frogs (Lair:6)
  A rime drake (Lair:6)
  A wraith (D:8)
  5 wargs
  A water moccasin (Lair:6)
  An orc warrior (D:8)
  An ice beast (D:11)
  2 porcupines
  2 sky beasts
  A phantom (D:7)
  A wolf (D:9)
  3 ogres
  A crocodile (Lair:4)
  A big kobold (D:12)
  An elf zombie (Ossuary)
  3 bullfrogs
  A scorpion (D:7)
  A killer bee (D:9)
  A wight (D:7)
  A howler monkey (D:11)
  A quasit (D:12)
  A bullfrog zombie (D:9)
  4 crimson imps
  A centaur skeleton (D:4)
  A hound (D:9)
  3 orc wizards
  A bullfrog skeleton (D:12)
  2 worker ants
  A big kobold zombie (Ossuary)
  A hound skeleton (D:10)
  A mummy (Ossuary)
  A gnoll (D:2)
  10 adders
  A river rat (D:6)
  2 shadow imps
  An ooze (D:3)
  An adder skeleton (D:8)
  An adder zombie (D:8)
  2 worms
  4 leopard geckos
  19 orcs
  4 giant cockroaches
  3 gnoll zombies
  A hobgoblin (D:3)
  A quokka (D:7)
  A ball python (D:3)
  4 bats
  3 frilled lizards
  3 goblins
  A goblin zombie (Ossuary)
  A hobgoblin zombie (Ossuary)
  4 kobolds
  2 orc zombies (Ossuary)
  A quokka skeleton (D:4)
  5 rats
  A rat zombie (D:4)
126 creatures vanquished.

Vanquished Creatures (collateral kills)
  Gastronok (Lair:3)
  7 hydras
  An ice dragon (D:12)
  A tengu warrior (D:12)
  2 two-headed ogres
  Urug (D:10)
  A fire crab (Lair:5)
  An unseen horror (D:12)
  The ghost of Notair the Cleaver, a novice MiGl of Okawaru (D:6)
  A lindwurm (Lair:6)
  An orc sorcerer (D:7)
  An orc knight (D:12)
  3 cyclopes (D:12)
  3 ugly things (D:12)
  3 manticores
  Joseph (D:10)
  A torpor snail (Lair:6)
  Psyche (D:9)
  4 black mambas
  2 rime drakes
  A kobold demonologist (D:11)
  2 komodo dragons
  12 spiny frogs
  A yaktaur (D:12)
  A hornet (D:11)
  3 trolls
  4 polar bears
  16 dream sheep
  11 blink frogs
  10 hippogriffs
  Sigmund (D:2)
  13 yaks
  3 wyverns
  A human (shapeshifter) (D:12)
  Grum (D:9)
  2 hungry ghosts
  15 wargs
  A steam dragon (Lair:5)
  Menkaure (D:5)
  2 vampire mosquitoes (D:13)
  Edmund (D:5)
  8 water moccasins
  A hell hound (Lair:6)
  10 porcupines
  11 orc warriors
  An ice beast (D:6)
  4 black bears
  3 phantoms
  3 sky beasts
  A necrophage (D:12)
  2 eyes of draining
  7 wolves
  4 ogres
  2 centaurs
  12 crocodiles
  A big kobold (D:9)
  7 bullfrogs
  A gnoll sergeant (D:8)
  5 scorpions
  12 killer bees
  5 wights
  A howler monkey (D:11)
  2 crimson imps (D:10)
  2 quasits
  A bullfrog zombie (D:2)
  8 orc priests
  3 hounds
  Crazy Yiuf (D:2)
  A human zombie (Ossuary)
  2 bullfrog skeletons
  5 jellies
  4 orc wizards
  A centaur skeleton (D:5)
  2 iguanas (D:5)
  7 worker ants
  A bullfrog simulacrum (D:12)
  A big kobold zombie (Ossuary)
  A hound skeleton (D:4)
  A mummy (Ossuary)
  8 gnolls
  A worker ant zombie (D:10)
  12 adders
  A shadow imp (D:12)
  An ooze (D:4)
  An adder skeleton (D:6)
  2 worms (D:4)
  2 dart slugs
  A leopard gecko (D:6)
  29 orcs
  2 giant cockroaches
  6 goblins
  3 hobgoblins
  5 jackals
  2 quokkas
  2 bats (D:2)
  2 frilled lizards
  2 gnoll zombies
  2 goblin zombies
  A hobgoblin zombie (Ossuary)
  7 kobolds
  An orc zombie (Ossuary)
  3 fungi
  2 plants
381 creatures vanquished.

Vanquished Creatures (others)
  A rime drake (D:12)
  11 fungi
  4 plants
  3 toadstools (D:13)
19 creatures vanquished.

Grand Total: 526 creatures vanquished

Notes
Turn   | Place    | Note
-------+----------+-------------------------------------------
     0 | D:1      | LostNumber the Mummy Summoner began the quest for the Orb.
     0 | D:1      | Reached XP level 1. HP: 13/13 MP: 4/4
   802 | D:1      | Reached XP level 2. HP: 2/20 MP: 2/5
   926 | D:1      | Learned a level 2 spell: Call Imp
  1512 | D:2      | Noticed Sigmund
  1546 | D:2      | Reached skill level 1 in Fighting
  2166 | D:2      | Reached XP level 3. HP: 13/26 MP: 1/7
  2175 | D:2      | Learned a level 3 spell: Call Canine Familiar
  2642 | D:2      | Found a runed door.
  2683 | D:2      | Reached XP level 4. HP: 21/32 MP: 4/9
  2869 | D:3      | Found a basalt altar of Yredelemnul.
  2914 | D:2      | HP: 1/32 [orc/+0 flail (8)]
  3697 | D:3      | Found a sparkling altar of Nemelex Xobeh.
  3870 | D:3      | Found an ancient bone altar of Kikubaaqudgha.
  3879 | D:3      | Found a radiant altar of Vehumet.
  3889 | D:3      | Became a worshipper of Kikubaaqudgha
  3940 | D:3      | Learned a level 4 spell: Summon Ice Beast
  4082 | D:4      | Reached XP level 5. HP: 30/38 MP: 7/11
  4136 | D:4      | Found Xeirgh's Armour Shop.
  4148 | D:4      | Found Bykoluri's Assorted Antiques.
  4166 | D:4      | Found Qestrebb's General Store.
  4423 | D:4      | Found a sand-covered staircase.
  4454 | Ossuary  | Entered an ossuary
  4580 | Ossuary  | Reached skill level 1 in Ice Magic
  4596 | Ossuary  | Reached XP level 6. HP: 37/46 MP: 3/12
  4610 | Ossuary  | Reached * piety under Kikubaaqudgha
  4610 | Ossuary  | Identified Kikubaaqudgha's Tome of Dark Arts (Kikubaaqudgha
                  | gifted it to you in an ossuary)
  4610 | Ossuary  | Received a gift from Kikubaaqudgha
  4885 | Ossuary  | Learned a level 4 spell: Summon Lightning Spire
  4962 | D:4      | Reached skill level 5 in Summonings
  5385 | D:4      | Found a glowing golden altar of the Shining One.
  5852 | D:5      | Entered Level 5 of the Dungeon
  5895 | D:5      | Reached XP level 7. HP: 43/52 MP: 14/14
  6060 | D:5      | Found a white marble altar of Elyvilon.
  6105 | D:5      | Reached skill level 1 in Air Magic
  6162 | D:5      | Reached skill level 5 in Spellcasting
  6173 | D:5      | Found a deep blue altar of Sif Muna.
  6181 | D:5      | Noticed Edmund
  6404 | D:5      | Found a white marble altar of Elyvilon.
  6714 | D:5      | Found a blossoming altar of Fedhas.
  6792 | D:5      | Noticed Menkaure
  6858 | D:6      | Reached ** piety under Kikubaaqudgha
  6863 | D:6      | Found a runed door.
  6919 | D:6      | Found a shadowy altar of Dithmenos.
  7005 | D:6      | Noticed Notair's ghost (novice MiGl)
  7119 | D:6      | Found a runed door.
  7143 | D:6      | Reached XP level 8. HP: 46/60 MP: 11/16
  7678 | D:6      | Found a stormy altar of Qazlal.
  7904 | D:7      | Noticed a hippogriff
  7934 | D:7      | Killed a hippogriff
  8481 | D:7      | Found a staircase to the Ecumenical Temple.
  8556 | D:7      | Found Idutuh's Book Shoppe.
  9817 | D:8      | Found Casaq's General Store.
  9824 | D:8      | Bought a scroll of teleportation for 48 gold pieces
 10055 | D:8      | Reached XP level 9. HP: 64/67 MP: 10/18
 10167 | D:8      | Found an opulent altar of Gozag.
 10280 | D:8      | Reached skill level 5 in Fighting
 10294 | D:8      | Found Yhukaak's Antique Weapon Shop.
 10802 | D:8      | Reached *** piety under Kikubaaqudgha
 10802 | D:8      | Identified Kikubaaqudgha's Grimoire of Necromancy
                  | (Kikubaaqudgha gifted it to you on level 8 of the Dungeon)
 10802 | D:8      | Received a gift from Kikubaaqudgha
 11169 | D:9      | Noticed Grum
 11437 | D:9      | Killed Grum
 11441 | D:9      | Reached skill level 1 in Necromancy
 11896 | D:9      | Got a crude bone ring
 11906 | D:9      | Noticed Psyche
 11919 | D:9      | Killed Psyche
 11925 | D:9      | Noticed a troll
 11934 | D:9      | Killed a troll
 12094 | D:9      | Found an ornate altar of the Wu Jian Council.
 12107 | D:9      | Identified the ring "Ewamytt" {rC+ AC+3 Dex+4 Stlth+} (You
                  | found it on level 9 of the Dungeon)
 12245 | D:5      | Killed Edmund
 12297 | D:4      | Bought a +1 buckler of fire resistance for 181 gold pieces
 12883 | D:9      | Reached skill level 1 in Shields
 12924 | D:10     | Entered Level 10 of the Dungeon
 13083 | D:9      | Reached **** piety under Kikubaaqudgha
 13277 | D:10     | Reached XP level 10. HP: 72/76 MP: 21/21
 13304 | D:10     | Noticed a two-headed ogre
 13312 | D:10     | Noticed a two-headed ogre
 13420 | D:10     | Noticed Joseph
 13660 | D:10     | Killed a two-headed ogre
 14031 | D:9      | Learned a level 4 spell: Animate Dead
 14098 | D:9      | Killed a two-headed ogre
 14241 | D:10     | Noticed a four-headed hydra
 14249 | D:10     | Killed a four-headed hydra
 14252 | D:10     | Killed Joseph
 14408 | D:10     | Noticed Urug
 14724 | D:10     | You fall through a shaft for 2 floors!
 14724 | D:12     | Noticed a purple ugly thing
 14814 | D:11     | Noticed a manticore
 14828 | D:11     | Noticed a sun demon
 14836 | D:11     | Killed a manticore
 14949 | D:10     | Killed Urug
 15126 | D:10     | Found a staircase to the Lair.
 15348 | Lair:1   | Entered Level 1 of the Lair of Beasts
 15432 | Lair:1   | Noticed a spiny frog
 15441 | Lair:1   | Killed a spiny frog
 15504 | Lair:1   | Noticed a spiny frog
 15516 | Lair:1   | Killed a spiny frog
 16338 | Lair:2   | Noticed a spiny frog
 16347 | Lair:2   | Killed a spiny frog
 16441 | Lair:2   | Noticed a spiny frog
 16447 | Lair:2   | Killed a spiny frog
 16447 | Lair:2   | Reached skill level 5 in Necromancy
 16563 | Lair:2   | Reached XP level 11. HP: 64/84 MP: 9/24
 17290 | Lair:3   | Noticed Gastronok
 17309 | Lair:3   | Killed Gastronok
 17823 | Lair:3   | Found a staircase to the Shoals.
 18708 | Lair:4   | Found a staircase to the Snake Pit.
 18825 | Lair:4   | Noticed a five-headed hydra
 18833 | Lair:4   | Killed a five-headed hydra
 18833 | Lair:4   | Reached skill level 5 in Dodging
 19093 | Lair:4   | Reached skill level 10 in Spellcasting
 19381 | Lair:5   | Noticed a fire crab
 19656 | Lair:5   | Killed a fire crab
 19656 | Lair:5   | HP: 1/87 [something/ball of steam (12)]
 19666 | Lair:4   | HP: 1/87 [dream sheep (3)]
 20104 | Lair:5   | Noticed a seven-headed hydra
 20110 | Lair:5   | Killed a seven-headed hydra
 20270 | Lair:5   | Got a clouded tin ring
 20329 | Lair:5   | Noticed a seven-headed hydra
 20345 | Lair:5   | Killed a seven-headed hydra
 20516 | Lair:5   | Identified the ring of the Median {rF+ Slay+3} (You found
                  | it on level 5 of the Lair of Beasts)
 20801 | Lair:6   | Entered Level 6 of the Lair of Beasts
 20836 | Lair:6   | Found a staircase to the Slime Pits.
 20898 | Lair:6   | Noticed an oklob plant
 20898 | Lair:6   | Noticed an oklob plant
 20940 | Lair:6   | Reached XP level 12. HP: 79/95 MP: 4/26
 20966 | Lair:6   | HP: 1/95 [black mamba (12)]
 21521 | Lair:6   | Reached ***** piety under Kikubaaqudgha
 21874 | Lair:6   | Got a pitted hunting sling
 21918 | Lair:6   | Reached skill level 5 in Stealth
 22202 | Lair:6   | Noticed a dire elephant
 22855 | D:11     | Noticed a two-headed ogre
 22856 | D:11     | Found a transporter.
 22856 | D:11     | Noticed Banto's ghost (journeyman DsAK)
 22858 | D:11     | Noticed a two-headed ogre
 22859 | D:11     | Noticed a two-headed ogre
 22914 | D:11     | Identified the +6 hunting sling "Suamit" {venom, Str+3}
                  | (You found it on level 6 of the Lair of Beasts)
 22983 | D:11     | Found a transporter.
 23053 | D:11     | Noticed an eight-headed hydra
 23059 | D:11     | Killed an eight-headed hydra
 23564 | D:7      | Reached skill level 10 in Fighting
 24707 | D:6      | Killed Notair's ghost
 24762 | D:5      | Killed Menkaure
 25023 | D:2      | Killed Sigmund
 25257 | D:2      | Noticed Crazy Yiuf
 25266 | D:2      | Killed Crazy Yiuf
 25431 | D:7      | Bought a book of Dreams for 1050 gold pieces
 25437 | D:7      | Learned a level 5 spell: Borgnjor's Vile Clutch
 25444 | D:7      | Learned a level 6 spell: Shadow Creatures
 25656 | D:12     | Noticed an ice dragon
 25873 | D:12     | Reached skill level 1 in Earth Magic
 25878 | D:12     | Killed an ice dragon
 26265 | D:12     | Found Geneepta's Magic Scroll Boutique.
 26490 | D:12     | Found a staircase to the Orcish Mines.
 26724 | D:12     | Noticed an eight-headed hydra
 27099 | D:12     | Killed an eight-headed hydra
 27324 | D:12     | Identified the +9 morningstar of the Pill Bug {vamp, Str+6
                  | Dex-2 Stlth+}
 27564 | D:12     | Noticed a tengu warrior
 27677 | D:12     | Killed a tengu warrior
 27925 | D:12     | Gained mutation: You are in touch with the powers of death.
                  | [Mummy growth]
 27925 | D:12     | Reached XP level 13. HP: 88/104 MP: 16/27
 28080 | D:12     | Reached ****** piety under Kikubaaqudgha
 28258 | D:13     | Found Purionni's Armour Emporium.
 28394 | D:13     | Killed from afar by a meliai

Vault maps used:
D:1:      dpeg_arrival_pond, chequers_serial_rivers_micro_a
D:2:      first_ration, uniq_crazy_yiuf_cottage, uniq_sigmund
D:3:      lemuel_zombie_altar_yredelemnul, grunt_temple_overflow_open,
          nemelex_lonely_heart_becter
D:4:      enter_ossuary_4, serial_shops, shop_statue, shop, shop,
          nicolae_tso_carved_into_rock
D:5:      lemuel_doored_altar, fedhas_altar_fruit_tree, lemuel_crystal_altar,
          basic_altar, uniq_menkaure, uniq_edmund
D:6:      kennysheep_mini_moat, nicolae_qazlal_general_emergency,
          ebering_ghost_sewer_f
D:7:      lemuel_castle_with_subvaults, minmay_temple_entry_nine_rooms,
          serial_shops, nicolae_shop_crystal
D:8:      nicolae_gozag_cash_rules_everything_around_me, serial_shops, shop,
          nicolae_shop_waterfront
D:9:      lemuel_coloured_pillars_altar, blue_anna_alchemist, uniq_psyche,
          uniq_grum
D:10:     grunt_lair_entry_orc_guard_hut, uniq_urug, uniq_joseph
D:11:     gammafunk_ghost_smash
D:12:     minmay_stepped, minmay_orc_entry_guard_dogs,
          portal_ice_cave_entry_animals_and_master, serial_shops, shop
D:13:     serial_shops, shop_fountains, minmay_gold_behind_fungi
Lair:1:   grunt_megastairs_4
Lair:2:   zaba_anthell
Lair:3:   minmay_shoals_entry_beasts, uniq_gastronok
Lair:4:   dummy_snake_entry
Lair:6:   evil_forest, slime_dummy, nicolae_lair_grove_arrangements,
          grunt_forest_stairs_basic, minmay_lair_oklob_chamber
Ossuary:  minmay_ossuary_gauntlet

Skill      XL: |  1  2  3  4  5  6  7  8  9 10 11 12 13 |
---------------+----------------------------------------+-----
Spellcasting   | 3 4 5 6 7 9 10 | 10.5
Fighting       | 1 2 3 4 6 7 9 10 | 10.6
Summonings     | 4 5 6 7 |  7.8
Ice Magic      | 1 2 3 4 |  4.1
Air Magic      | 1 3 |  3.7
Necromancy     | 2 5 6 |  6.7
Dodging        | 2 3 6 7 |  7.3
Shields        | 2 4 |  4.0
Stealth        | 4 6 |  6.1
Earth Magic    | 2 3 |  3.1

Action                   |  1- 3 |  4- 6 |  7- 9 | 10-12 | 13-15 || total
-------------------------+-------+-------+-------+-------+-------++-------
Melee: Unarmed           |    45 |       |       |       |       ||    45
       Dagger            |    27 |       |       |       |       ||    27
       Mace              |     9 |   170 |   143 |       |       ||   322
       Short sword       |       |       |   147 |       |       ||   147
       Staff             |       |       |    55 |   615 |    16 ||   686
 Cast: Summon Small Mamm |    17 |       |       |       |       ||    17
       Call Imp          |    19 |    10 |    25 |     1 |       ||    55
       Call Canine Famil |     1 |    28 |    33 |     3 |     1 ||    66
       Summon Ice Beast  |       |       |    58 |   290 |     6 ||   354
       Summon Lightning  |       |       |     8 |    43 |     4 ||    55
       Animate Dead      |       |       |       |    76 |     2 ||    78
       Shadow Creatures  |       |       |       |     2 |       ||     2
Invok: Receive Corpses   |       |       |       |     3 |       ||     3
Evoke: Wand              |       |       |       |     1 |       ||     1
  Use: Scroll            |       |       |    12 |    13 |       ||    25
 Stab: Sleeping          |       |     3 |     5 |    10 |       ||    18
       Distracted        |       |     3 |     3 |    14 |     1 ||    21
Armor: Robe              |    22 |    63 |   135 |   226 |     4 ||   450
Dodge: Dodged            |    77 |   112 |   257 |   559 |     8 ||  1013
Block: Buckler           |       |       |    19 |   253 |     6 ||   278

Table legend:
 A = Non-vault XP
 B = Vault XP
 C = Vault XP percentage of total XP
 D = Non-vault monster count
 E = Vault monster count
 F = Vault count percentage of total count
                 A         B        C        D         E       F
            +---------+---------+-------+---------+---------+-------
      Total |   25923 |   13651 |  34.5 |     369 |     134 |  26.6
            +---------+---------+-------+---------+---------+-------
        D:1 |      24 |       0 |   0.0 |      16 |       0 |   0.0
        D:2 |     151 |     142 |  48.5 |      33 |       2 |   5.7
        D:3 |      70 |       2 |   2.8 |      16 |       2 |  11.1
        D:4 |     361 |       2 |   0.6 |      22 |       2 |   8.3
        D:5 |     569 |     198 |  25.8 |      24 |       2 |   7.7
        D:6 |     586 |     452 |  43.5 |      13 |       7 |  35.0
        D:7 |     560 |    2623 |  82.4 |      14 |      50 |  78.1
        D:8 |    1096 |       0 |   0.0 |      29 |       0 |   0.0
        D:9 |    2071 |     533 |  20.5 |      33 |       5 |  13.2
       D:10 |    1634 |     908 |  35.7 |      21 |       6 |  22.2
       D:11 |    1642 |       0 |   0.0 |      13 |       0 |   0.0
       D:12 |    3416 |    4738 |  58.1 |      38 |      22 |  36.7
       D:13 |     175 |       0 |   0.0 |       2 |       0 |   0.0
     Lair:1 |     487 |     293 |  37.6 |       4 |       2 |  33.3
     Lair:2 |    1596 |       0 |   0.0 |      13 |       0 |   0.0
     Lair:3 |    2236 |    1492 |  40.0 |      18 |       3 |  14.3
     Lair:4 |    2332 |       0 |   0.0 |      16 |       0 |   0.0
     Lair:5 |    2555 |       0 |   0.0 |      14 |       0 |   0.0
     Lair:6 |    4362 |    2115 |  32.7 |      30 |      15 |  33.3
    Ossuary |       0 |     153 | 100.0 |       0 |      16 | 100.0
            +---------+---------+-------+---------+---------+-------
